Map: Thunderbird LE

Players

BratOK (Brat_OK) - Winner!

  • Race: Terran Terran
  • Spawn Location: 11:00

Creed

  • Race: Terran Terran
  • Spawn Location: 5:00

Event: 2019 WCS Summer

VOD

Have the link to the VOD?

Description

Time

  • Played on: July 12, 2019, 11:13 a.m.
  • Length: 13:35

All games in this series

Show
View Real Time Build Order
Export as new Build Order

BratOK Terran - Winner!

Build Orders: Gas First Reaper Expand, Hellion Opening, Mech 

Get SALT Encoding   

  12  0:00  SCV  
  13  0:13  SCV  
  14  0:17  Supply Depot  
  14  0:25  SCV  
  15  0:29  Refinery  
  15  0:38  SCV  
  16  0:44  Barracks  
  16  0:50  SCV  
  17  1:03  SCV  
  18  1:15  SCV  
  19  1:31  Orbital Command, Reaper  
  20  1:44  Command Center  
  20  1:54  Factory  
  20  1:58  SCV  
  21  2:07  Barracks Reactor  
  21  2:09  Supply Depot  
  21  2:13  SCV  
  22  2:16  Refinery  
  22  2:25  SCV  
  23  2:37  SCV  
  23  2:43  Starport  
  24  2:47  Hellion x2  
  28  2:51  SCV  
  28  2:55  Orbital Command  
  29  3:08  Hellion x2  
  29  3:11  SCV  
  34  3:21  Viking  
  34  3:24  SCV x2  
  42  3:34  Hellion x2  
  42  3:37  Barracks Tech Lab  
  42  3:40  SCV  
  40  3:43  SCV  
  41  3:52  SCV, Supply Depot  
  42  4:03  SCV  
  42  4:04  SCV  
  42  4:06  Raven  
  42  4:09  Factory Tech Lab  
  46  4:14  Supply Depot  
  46  4:15  SCV  
  46  4:16  SCV  
  48  4:27  SCV  
  48  4:28  Siege Tank, Marine, SCV  
  48  4:29  Marine  
  51  4:39  SCV  
  51  4:41  Command Center  
  51  4:44  SCV  
  47  4:46  Refinery  
  47  4:49  Marine x2  
  47  4:50  Raven  
  47  4:51  SCV  
  52  4:56  SCV  
  52  4:57  Refinery  
  53  5:00  Supply Depot  
  53  5:01  Bunker  
  53  5:03  SCV  
  53  5:05  Siege Tank  
  57  5:08  SCV  
  58  5:15  SCV  
  58  5:20  SCV  
  60  5:27  SCV  
  61  5:30  Supply Depot  
  61  5:32  SCV  
  61  5:36  Barracks Reactor  
  61  5:37  Siege Tank  
  61  5:38  Factory  
  61  5:40  SCV  
  65  5:44  SCV  
  66  5:52  SCV  
  66  5:56  SCV  
  66  5:57  Orbital Command, Viking x2  
  67  6:04  SCV  
  70  6:08  SCV  
  69  6:16  SCV  
  63  6:19  Liberator x2  
  63  6:29  SCV x2  
  63  6:30  SCV  
  72  6:41  Refinery, SCV x2  
  72  6:42  Refinery, SCV  
  75  6:53  SCV  
  75  6:54  SCV x2  
  78  6:55  Supply Depot  
  78  6:57  Siege Tank, Hellion x2, Supply Depot  
  85  7:09  Factory  
  85  7:16  SCV x3  
  85  7:17  Supply Depot  
  85  7:19  Supply Depot  
  87  7:24  Viking x2  
  87  7:25  Hellion x2  
  87  7:28  SCV x3  
  98  7:33  Armory x2  
  98  7:34  Engineering Bay  
  98  7:40  Siege Tank  
  98  7:41  SCV x2  
  98  7:42  Supply Depot  
  104  7:44  SCV  
  104  7:53  SCV x2  
  104  7:55  Siege Tank, Viking x2  
  104  7:58  SCV  
  109  8:02  Command Center  
  109  8:04  Hellion x2  
  109  8:05  SCV  
  114  8:08  SCV  
  114  8:09  Supply Depot  
  114  8:10  Supply Depot  
  114  8:12  SCV  
  113  8:17  SCV  
  113  8:18  Siege Tank  
  117  8:22  Terran Vehicle And Ship Armor Level 1, Terran Vehicle Weapons Level 1  
  117  8:23  Missile Turret  
  117  8:24  Viking  
  117  8:26  Missile Turret  
  119  8:28  Hellion  
  119  8:29  Hellion  
  119  8:31  Siege Tank  
  119  8:33  Supply Depot  
  126  8:35  Supply Depot  
  126  8:36  SCV x3  
  129  8:44  Sensor Tower  
  129  8:46  Barracks Reactor  
  129  8:47  Starport  
  129  8:52  Missile Turret x2  
  129  8:53  SCV x2  
  129  8:54  SCV  
  129  8:55  Missile Turret  
  132  8:59  Viking x2  
  132  9:00  Siege Tank  
  132  9:01  Hellion x2  
  143  9:03  Siege Tank  
  146  9:11  SCV x3  
  149  9:23  SCV, Factory x2  
  148  9:27  Refinery  
  148  9:28  Refinery  
  144  9:31  SCV x2  
  144  9:35  Missile Turret  
  144  9:36  Barracks Reactor, Missile Turret  
  144  9:37  Viking x4, Missile Turret  
  154  9:39  Missile Turret, Planetary Fortress  
  154  9:40  SCV  
  155  9:49  Siege Tank, Hellion x2  
  155  9:50  SCV x2  
  164  9:58  Supply Depot  
  164  9:59  Supply Depot x2  
  164  10:06  Missile Turret x2  
  164  10:14  Factory Tech Lab  
  164  10:16  Viking x3, Missile Turret x2  
  170  10:34  Siege Tank  
  170  10:35  Hellion x2  
  168  10:38  Viking  
  168  10:39  SCV x2  
  161  10:43  SCV x2  
  161  10:46  Viking x3  
  163  10:53  Siege Tank x2  
  163  10:54  Hellion x2  
  173  11:01  Liberator x2  
  163  11:06  Siege Tank  
  163  11:07  Hellion x2  
  163  11:10  SCV x3  
  169  11:25  Siege Tank x2, Command Center  
  179  11:31  Hellion  
  179  11:32  Hellion  
  183  11:39  Siege Tank  
  186  11:42  Missile Turret  
  186  11:46  Missile Turret x2  
  186  11:47  Missile Turret  
  186  11:48  Drilling Claws, Infernal Pre-Igniter  
  186  11:49  Missile Turret x2  
  186  11:57  Siege Tank x2  
  186  11:58  Hellion x2  
  196  12:26  Hellion  
  195  12:35  Missile Turret  
  196  12:37  Siege Tank x2, Missile Turret  
  196  12:43  Widow Mine  
  199  12:56  Viking  
  199  12:57  Siege Tank  
  199  12:58  Hellion  
  200  12:59  Widow Mine  
  200  13:00  Viking  
Show
View Real Time Build Order
Export as new Build Order

Creed Terran 

Build Orders:  

Get SALT Encoding   

  12  0:00  SCV  
  13  0:12  SCV  
  14  0:17  Supply Depot  
  14  0:25  SCV  
  15  0:29  Refinery  
  15  0:39  SCV  
  16  0:43  Barracks  
  16  0:51  SCV  
  16  0:55  Refinery  
  17  1:03  SCV  
  18  1:15  SCV  
  19  1:31  Orbital Command, Reaper  
  20  1:35  Factory  
  20  1:45  Supply Depot  
  20  1:56  SCV  
  21  2:03  Reaper  
  21  2:08  SCV  
  23  2:20  SCV, Hellion  
  26  2:27  Command Center  
  26  2:33  Supply Depot  
  26  2:35  SCV  
  27  2:38  Reaper  
  30  2:44  Hellion  
  30  2:47  SCV  
  31  2:53  Starport  
  31  3:01  SCV  
  32  3:10  Barracks Tech Lab  
  32  3:11  Factory Tech Lab  
  32  3:12  Refinery  
  32  3:13  SCV  
  31  3:25  SCV  
  32  3:31  Cyclone  
  35  3:37  SCV  
  36  3:46  Raven  
  33  3:48  Orbital Command  
  33  3:50  SCV  
  33  3:53  Barracks Reactor  
  34  4:02  SCV  
  35  4:07  Cyclone  
  38  4:14  SCV x2  
  40  4:21  Command Center  
  40  4:28  SCV x2  
  37  4:35  Raven  
  35  4:40  SCV x2  
  36  4:49  Marine x2  
  36  4:52  SCV x2  
  40  4:56  Siege Tank  
  43  5:04  SCV x2  
  45  5:09  Marine x2  
  47  5:14  Supply Depot  
  47  5:16  SCV  
  47  5:20  SCV  
  49  5:28  Siege Tank, SCV  
  52  5:34  SCV  
  54  5:42  Orbital Command  
  54  5:44  Engineering Bay x2  
  53  5:56  SCV x2  
  54  5:58  Marine  
  54  5:59  Refinery  
  54  6:00  Siege Tank  
  54  6:01  Stimpack  
  58  6:08  SCV  
  58  6:09  SCV  
  54  6:20  SCV  
  54  6:21  Marine, SCV  
  54  6:22  Viking x2  
  61  6:26  Terran Infantry Weapons Level 1  
  61  6:28  Terran Infantry Armor Level 1  
  61  6:30  Orbital Command  
  61  6:35  Siege Tank  
  61  6:37  SCV  
  61  6:38  SCV, Supply Depot  
  66  6:42  Marine  
  67  6:49  SCV, Supply Depot  
  67  6:50  SCV  
  69  6:54  Viking  
  69  6:55  Viking  
  73  7:02  SCV x2  
  73  7:08  SCV  
  76  7:09  Barracks  
  76  7:10  Barracks  
  76  7:13  Siege Tank  
  76  7:14  SCV  
  80  7:15  Marine  
  80  7:22  SCV x2  
  83  7:26  SCV  
  83  7:28  Viking x2, Supply Depot  
  88  7:34  SCV x2  
  89  7:38  SCV  
  89  7:41  Barracks  
  89  7:42  Barracks  
  89  7:55  SCV x3  
  89  7:57  Barracks Tech Lab, Barracks Reactor  
  92  8:02  Armory  
  92  8:05  Marine  
  93  8:06  Viking x2  
  93  8:07  SCV x3  
  93  8:09  Supply Depot x2  
  98  8:16  Combat Shield  
  98  8:17  Marauder  
  98  8:19  SCV  
  101  8:23  Missile Turret  
  101  8:25  Refinery  
  101  8:27  Refinery  
  101  8:30  Barracks Tech Lab x2  
  101  8:31  SCV x3  
  101  8:32  Concussive Shells  
  101  8:33  Marine x2  
  106  8:37  Marauder  
  108  8:43  Siege Tank, SCV x3  
  108  8:46  Marauder  
  116  8:53  Terran Infantry Weapons Level 2  
  116  9:01  Supply Depot  
  116  9:02  Supply Depot  
  116  9:03  Marine  
  117  9:12  Missile Turret  
  117  9:13  Marine  
  116  9:23  Marauder x4  
  124  9:27  Marine  
  124  9:29  Medivac x2  
  124  9:30  Terran Infantry Armor Level 2  
  124  9:31  Marine  
  129  9:36  Supply Depot  
  129  9:37  Command Center, Supply Depot  
  130  9:40  SCV x2  
  132  9:55  Missile Turret  
  132  9:56  Terran Ship Weapons Level 1  
  132  9:57  Marauder x4  
  140  10:00  Starport  
  140  10:04  SCV  
  140  10:05  SCV x2  
  140  10:06  Marine x2  
  145  10:07  Siege Tank  
  145  10:10  Medivac x2  
  152  10:15  Supply Depot  
  152  10:17  Supply Depot  
  152  10:18  Marauder  
  137  10:36  Marine  
  137  10:37  Marine, Marauder x2  
  137  10:38  Marauder  
  112  10:45  SCV x3  
  112  10:48  Command Center  
  112  10:49  Starport Reactor  
  110  10:56  Marauder, Marine x2, Medivac  
  110  10:57  Medivac  
  118  10:58  Marauder  
  117  11:06  Marine  
  117  11:07  Marauder  
  117  11:09  Siege Tank  
  117  11:11  Planetary Fortress  
  108  11:13  Marine  
  108  11:17  Marauder  
  108  11:18  Marine  
  112  11:19  Marine  
  112  11:20  SCV x3  
  112  11:24  Marauder  
  118  11:29  Marauder  
  120  11:34  Viking  
  120  11:38  Marauder  
  120  11:39  Marine, Marauder  
  127  11:40  Sensor Tower  
  127  11:41  SCV x2  
  127  11:42  SCV  
  127  11:46  Marauder  
  132  11:51  Marauder  
  132  11:53  Marine  
  135  11:55  Viking  
  135  11:57  Viking  
  139  12:04  Viking x2  
  142  12:11  Orbital Command  
  142  12:15  Marauder x3  
  148  12:22  Marauder  
  150  12:27  Marine  
  150  12:28  Viking x2  
  149  12:34  Marine  
  149  12:36  Marauder, Marine  
  151  12:42  Marauder  
  151  12:44  Marauder  
  151  12:45  Viking x2  
  151  12:50  Command Center  
  153  12:56  Marine x2  
  153  12:57  Marauder  
  153  12:58  Marauder  
  149  13:13  Marine x2  
Tags
 
Add a new tag
Caveats
  • Supply blocks, unpowered buildings, or Contaminate may cause inaccurate times.
  • Supply counts are checked every 10 seconds.